 Dungeon Crawl Stone Soup version 0.22-a0-779-g6f83d72c62 (webtiles) character file.

2756 Mirvelgyr the Severer (level 9, -2/70 HPs)
             Began as a Minotaur Berserker on July 19, 2018.
             Was an Elder of Trog.
             Slain by a queen bee (9 damage)
             ... on level 8 of the Dungeon.
             The game lasted 00:05:49 (4202 turns).

Mirvelgyr the Severer (Minotaur Berserker)          Turns: 4202, Time: 00:05:49

Health: -2/70      AC:  8    Str: 25    XL:     9   Next: 41%
Magic:  8/8        EV: 11    Int:  4    God:    Trog [****..]
Gold:   185        SH:  0    Dex: 10    Spells: 8/8 levels left

rFire    . . .     SeeInvis .   q - +3 hand axe (freeze)
rCold    . . .     Gourm    .   (no shield)
rNeg     . . .     Faith    .   d - +0 ring mail
rPois    .         Spirit   .   g - +2 hat
rElec    .         Reflect  .   (no cloak)
rCorr    .         Harm     .   h - +0 pair of gloves
MR       .....                  (no boots)
Stlth    ..........             (no amulet)
HPRegen  0.21/turn              (no ring)
MPRegen  0.11/turn              (no ring)

@: lethally poisoned (-2 -> -15)
A: retaliatory headbutt, horns 2
a: Berserk, Trog's Hand, Brothers in Arms, Renounce Religion


You were on level 8 of the Dungeon.
You worshipped Trog.
Trog was greatly pleased with you.
You were not hungry.

You visited 1 branch of the dungeon, and saw 6 of its levels.

You collected 322 gold pieces.
You spent 137 gold pieces at shops.

Inventory:

Hand Weapons
 q - a +3 hand axe of freezing (weapon)
Armour
 d - a +0 ring mail (worn)
 g - a +2 hat (worn)
 h - a +0 pair of gloves (worn)
Wands
 a - a wand of paralysis (13)
 v - a wand of polymorph (12)
 x - a wand of scattershot (4)
Scrolls
 b - 2 scrolls of magic mapping
 e - a scroll of random uselessness
 f - 2 scrolls of teleportation
 i - a scroll of enchant armour
 j - 2 scrolls of remove curse
 l - a scroll of fog {unknown}
 m - 2 scrolls of amnesia
 p - 8 scrolls of identify
 s - a scroll of fear {unknown}
Potions
 k - 2 potions of brilliance {unknown}
 n - a potion of might {unknown}
 o - a potion of curing {unknown}
 t - a potion of invisibility {unknown}
 u - a potion of ambrosia {unknown}
 w - a potion of haste {unknown}
Comestibles
 c - 10 rations


   Skills:
 - Level 3.6 Fighting
 + Level 15.0 Axes
 - Level 2.4 Armour
 - Level 2.1 Dodging


You had 8 spell levels left.
You didn't know any spells.
Your spell library was empty.

Dungeon Overview and Level Annotations

Branches:
Dungeon (6/15)             Temple (0/1) D:6            Lair (0/6) D:8

Altars:
Hepliaklqana
Nemelex Xobeh
Trog

Shops:
D:5 ?   D:8 *[


Innate Abilities, Weirdness & Mutations

You reflexively headbutt those who attack you in melee.
You have a pair of horns on your head.


Message History

You furiously retaliate!
You headbutt the killer bee!
You kill the killer bee!
Trog accepts your kill.
Your Axes skill increases to level 15!
The killer bee barely misses you. The killer bee misses you.
You feel sick. The killer bee stings you!
* * * LOW HITPOINT WARNING * * *
You are lethally poisoned!
The killer bee poisons you! The killer bee stings you.
* * * LOW HITPOINT WARNING * * *
The killer bee stings you.
* * * LOW HITPOINT WARNING * * *
* * * LOW HITPOINT WARNING * * *
You feel sick. The killer bee stings you.
* * * LOW HITPOINT WARNING * * *
A killer bee comes into view.
The killer bee stings you.
* * * LOW HITPOINT WARNING * * *
The crimson imp blinks!
The queen bee stings you!
You die...

.. .....### ##.y.#
....#.......####....#
....#............... .
....##.....##......# ..
....##.....##...§..##...
............#...........
............#...yy......
............#5..@.......
...........#####'#+##+###
...........##. +∩+.......
............#.)#'#.......
÷÷####......+............
P...##......#...#........
....#.......#...#).......
....#.......#...#........
....#.......#...#........


You could see a queen bee, 2 killer bees and a crimson imp.

Vanquished Creatures
  A hippogriff (D:8)
  3 porcupines (D:8)
  2 phantoms
  An ogre (D:6)
  A sky beast (D:5)
  An orc warrior (D:6)
  5 black bears (D:8)
  4 crocodiles (D:8)
  A bullfrog (D:6)
  A gnoll sergeant (D:6)
  A killer bee (D:8)
  5 wights (D:5)
  2 crimson imps (D:6)
  A hound (D:6)
  2 orc priests (D:6)
  A centaur skeleton (D:6)
  3 iguanas
  2 orc wizards
  2 worker ants
  A hound zombie (D:8)
  2 worker ant zombies (D:5)
  11 gnolls
  8 adders
  An adder skeleton (D:6)
  A worm (D:2)
  A dart slug (D:3)
  6 leopard geckos
  9 orcs
  6 giant cockroaches
  6 goblins
  6 hobgoblins
  9 jackals
  9 kobolds
  A quokka (D:3)
  10 bats
  6 frilled lizards
  A quokka zombie (D:5)
  7 rats
140 creatures vanquished.

Vanquished Creatures (others)
  A plant (D:8)
1 creature vanquished.

Grand Total: 141 creatures vanquished

Notes
Turn   | Place    | Note
-------+----------+-------------------------------------------
     0 | D:1      | Mirvelgyr the Minotaur Berserker began the quest for the Orb.
     0 | D:1      | Reached XP level 1. HP: 19/19 MP: 0/0
    41 | D:1      | Reached skill level 4 in Axes
   125 | D:1      | Reached XP level 2. HP: 26/26 MP: 1/1
   491 | D:1      | Reached skill level 5 in Axes
   512 | D:1      | Reached XP level 3. HP: 31/31 MP: 2/2
   520 | D:1      | Reached ** piety under Trog
   895 | D:2      | Reached skill level 6 in Axes
   895 | D:2      | Reached XP level 4. HP: 31/39 MP: 3/3
  1399 | D:3      | Reached *** piety under Trog
  1533 | D:3      | Reached XP level 5. HP: 29/45 MP: 4/4
  1710 | D:3      | Reached skill level 7 in Axes
  1747 | D:3      | You fall through a shaft for 2 floors!
  1747 | D:5      | Entered Level 5 of the Dungeon
  1771 | D:5      | Noticed a sky beast
  1788 | D:5      | Killed a sky beast
  1788 | D:5      | Reached skill level 8 in Axes
  1882 | D:5      | Reached XP level 6. HP: 51/51 MP: 5/5
  1898 | D:5      | Reached skill level 9 in Axes
  1910 | D:5      | Found Saxeul Jesi's Magic Scroll Emporium.
  1932 | D:5      | Reached XP level 7. HP: 11/57 MP: 6/6
  2109 | D:5      | Bought a scroll of teleportation for 33 gold pieces
  2109 | D:5      | Bought a scroll of magic mapping for 38 gold pieces
  2109 | D:5      | Bought a scroll of identify for 22 gold pieces
  2109 | D:5      | Bought a scroll of identify for 22 gold pieces
  2109 | D:5      | Bought a scroll of identify for 22 gold pieces
  2196 | D:5      | Reached skill level 10 in Axes
  2428 | D:5      | Reached **** piety under Trog
  2694 | D:6      | Reached skill level 11 in Axes
  2996 | D:6      | Reached XP level 8. HP: 57/64 MP: 7/7
  3048 | D:6      | Reached skill level 12 in Axes
  3114 | D:6      | Found a staircase to the Ecumenical Temple.
  3435 | D:6      | You fall through a shaft for 2 floors!
  3435 | D:8      | Found a bloodstained altar of Trog.
  3435 | D:8      | Found a sparkling altar of Nemelex Xobeh.
  3435 | D:8      | Found a hazy altar of Hepliaklqana.
  3467 | D:8      | Noticed a hippogriff
  3477 | D:8      | Killed a hippogriff
  3481 | D:8      | Reached skill level 13 in Axes
  3782 | D:8      | Reached XP level 9. HP: 50/70 MP: 8/8
  3785 | D:8      | Reached skill level 14 in Axes
  3865 | D:8      | Found a staircase to the Lair.
  4149 | D:8      | Found Nuun's Assorted Antiques.
  4187 | D:8      | Found Noygo's Antique Armour Shoppe.
  4194 | D:8      | Noticed a queen bee
  4200 | D:8      | Reached skill level 15 in Axes
  4202 | D:8      | Slain by a queen bee

Vault maps used:
D:1:      evilmike_arrival_fibonacci_small, minmay_misc_feat_chi
D:5:      first_ration, serial_shops, shop_statue
D:6:      temple_hall
D:8:      grunt_temple_overflow_gold_and_silver, nicolae_overflow_hidden_temple,
          minmay_lair_entry_grove, serial_shops,
          nicolae_shop_overgrown_old_shop, nicolae_shop_behind_doors,
          kennysheep_mini, shop, david_nohive_1

Skill      XL: |  1  2  3  4  5  6  7  8  9 |
---------------+----------------------------+-----
Axes           | 4 5 6 8 9 11 13 15 | 15.0
Fighting       | |  3.6
Armour         | |  2.4
Dodging        | |  2.1

Action                   |  1- 3 |  4- 6 |  7- 9 || total
-------------------------+-------+-------+-------++-------
Melee: Hand axe          |    61 |   137 |   138 ||   336
       Headbutt          |    14 |    22 |    26 ||    62
Invok: Berserk           |       |     1 |     2 ||     3
       Trog's Hand       |       |     1 |     2 ||     3
  Use: Scroll            |       |     5 |       ||     5
  Eat: Chunk             |       |     4 |    10 ||    14
Armor: Animal skin       |     7 |       |       ||     7
       Ring mail         |    17 |    54 |    57 ||   128
Dodge: Dodged            |    46 |    70 |    83 ||   199

Table legend:
 A = Spawn XP
 B = Non-spawn XP
 C = Spawn XP percentage of total XP
 D = Spawn monster count
 E = Non-spawn monster count
 F = Spawn count percentage of total count
 G = Total turns spent on level
                    A         B        C        D         E        F      G
               +---------+---------+-------+---------+---------+-------+---------
         Total |       0 |    3938 |   0.0 |       0 |     140 |   0.0 |  4202
               +---------+---------+-------+---------+---------+-------+---------
           D:1 |       0 |      48 |   0.0 |       0 |      24 |   0.0 |   796
           D:2 |       0 |      89 |   0.0 |       0 |      27 |   0.0 |   594
           D:3 |       0 |      74 |   0.0 |       0 |      24 |   0.0 |   357
           D:5 |       0 |     808 |   0.0 |       0 |      27 |   0.0 |   933
           D:6 |       0 |     866 |   0.0 |       0 |      20 |   0.0 |   755
           D:8 |       0 |    2053 |   0.0 |       0 |      18 |   0.0 |   767
               +---------+---------+-------+---------+---------+-------+---------
